TOP OF THE 1ST |
Colorado (EL) Rockies batting - Pitching for Columbia Fireflies : RHP Zhao-ying Joe
|
Pitching: RHP Zhao-ying Joe
|
|
Batting: RHB Mike McElroy
|
0-0: Ball 1-0: Called Strike 1-1: Foul Ball, location: 2F 1-2: Ball 2-2: Ball 3-2: Reached on error, E5 (Groundball, 56, EV 91.9 MPH)
|
Batting: LHB Tomoya Hashimoto
|
0-0: Called Strike 0-1: Foul Ball, location: 2F 0-2: Ball 1-2: Fly out, F7 (Line Drive, 7D, EV 93.1 MPH)
|
Batting: LHB Luke Coulter
|
0-0: Ball 1-0: Fly out, F9 (Flyball, 89S, EV 83.8 MPH)
|
Batting: RHB John Boyer
|
0-0: Foul Ball, location: 2F 0-1: DOUBLE (Line Drive, 78D, EV 101.2 MPH) Mike McElroy to third Runner from 3rd tries for Home, SAFE, no throw by LF
|
Batting: LHB Matt Calitri
|
0-0: Ball 1-0: Ball 2-0: Called Strike 2-1: Fly out, F7 (Flyball, 78S, EV 85.0 MPH)
|
Top of the 1st over - 1 run, 1 hit, 1 error, 1 left on base; Colorado (EL) 1 - Columbia 0 |
BOTTOM OF THE 1ST |
Columbia Fireflies batting - Pitching for Colorado (EL) Rockies : RHP Sipi Kilpinen
|
Pitching: RHP Sipi Kilpinen
|
|
Batting: LHB Adam Hairston
|
0-0: Called Strike 0-1: Ball 1-1: Ball 2-1: Ball 3-1: Foul Ball, location: 2F 3-2: Base on Balls
|
Batting: RHB Zhao-ying Joe
|
0-0: Ball Adam Hairston steals 2nd base 1-0: Ball 2-0: Foul Ball, location: 2F 2-1: Ball 3-1: Ground out 3-1 (Groundball, 3, EV 104.4 MPH) Adam Hairston to third
|
Batting: RHB Masaya Nakamura
|
0-0: Foul Ball, location: 2F 0-1: Ball 1-1: Ball 2-1: Called Strike 2-2: Foul Ball, location: 2F 2-2: Foul Ball, location: 2F 2-2: Strikes out swinging
|
Batting: SHB Jason Evans
|
0-0: Ball 1-0: Ball 2-0: Ground out 4-3 (Groundball, 4, EV 86.9 MPH)
|
Bottom of the 1st over - 0 runs, 0 hits, 0 errors, 1 left on base; Colorado (EL) 1 - Columbia 0 |
TOP OF THE 2ND |
Colorado (EL) Rockies batting - Pitching for Columbia Fireflies : RHP Zhao-ying Joe
|
Batting: LHB Harry Folsom
|
0-0: Called Strike 0-1: Called Strike 0-2: Ball 1-2: Ground out 4-3 (Groundball, 4D, EV 101.2 MPH)
|
Batting: RHB Salvador Avina
|
0-0: Ball 1-0: Ball 2-0: Foul Ball, location: 2F 2-1: Ball 3-1: Base on Balls
|
Batting: LHB Seung-jun Chang
|
0-0: Swinging Strike 0-1: Called Strike 0-2: Strikes out swinging
|
Batting: RHB Chris Rosinsky
|
0-0: Called Strike 0-1: SINGLE (Line Drive, 34D, EV 94.4 MPH) Salvador Avina to second
|
Batting: RHB Mike McElroy
|
0-0: Foul Ball, location: 2F 0-1: Ball 1-1: Foul Ball, location: 2F 1-2: Foul Ball, location: 2F 1-2: Ball 2-2: Ground out 4-3 (Groundball, 34, EV 88.8 MPH)
|
Top of the 2nd over - 0 runs, 1 hit, 0 errors, 2 left on base; Colorado (EL) 1 - Columbia 0 |
BOTTOM OF THE 2ND |
Columbia Fireflies batting - Pitching for Colorado (EL) Rockies : RHP Sipi Kilpinen
|
Batting: SHB Justin Wallace
|
0-0: Ball 1-0: Swinging Strike 1-1: Ball 2-1: Ball 3-1: Base on Balls
|
Batting: RHB Jeff MacPhee
|
0-0: Foul Ball, location: 2F 0-1: Ball 1-1: Foul Ball, location: 2F 1-2: Foul Ball, location: 2F 1-2: SINGLE (Line Drive, 9S, EV 90.6 MPH) Justin Wallace to second Runner from 2nd tries for 3rd, SAFE, throw by RF made to third
|
Batting: RHB Dan Muse
|
0-0: Called Strike 0-1: Ball 1-1: Ball 2-1: Ball 3-1: Base on Balls Jeff MacPhee to second
|
Batting: RHB David Stayton
|
0-0: Called Strike 0-1: Swinging Strike 0-2: Ball 1-2: Strikes out looking
|
Batting: RHB Nick Rang
|
0-0: Ball 1-0: Called Strike 1-1: Foul Ball, location: 2F 1-2: Strikes out looking
|
Batting: LHB Adam Hairston
|
0-0: Called Strike 0-1: SINGLE (Groundball, 34D, EV 101.2 MPH) Justin Wallace scores Jeff MacPhee to third Dan Muse to second Runner from 3rd tries for Home, SAFE, throw by RF to home
|
Batting: RHB Zhao-ying Joe
|
0-0: Foul Ball, location: 2F 0-1: Foul Ball, location: 2F 0-2: Ball 1-2: Ball 2-2: Strikes out looking
|
Bottom of the 2nd over - 2 runs, 2 hits, 0 errors, 2 left on base; Colorado (EL) 1 - Columbia 2 |
TOP OF THE 3RD |
Colorado (EL) Rockies batting - Pitching for Columbia Fireflies : RHP Zhao-ying Joe
|
Batting: LHB Tomoya Hashimoto
|
0-0: Called Strike 0-1: Fly out, F8 (Flyball, 78M, EV 86.9 MPH)
|
Batting: LHB Luke Coulter
|
0-0: Called Strike 0-1: DOUBLE (Flyball, 8LXD, EV 108.1 MPH)
|
Batting: RHB John Boyer
|
0-0: Fly out, F9 (Flyball, 89S, EV 79.4 MPH)
|
Batting: LHB Matt Calitri
|
0-0: Ball 1-0: Ball 2-0: Fly out, F8 (Flyball, 8LD, EV 106.2 MPH)
|
Top of the 3rd over - 0 runs, 1 hit, 0 errors, 1 left on base; Colorado (EL) 1 - Columbia 2 |
BOTTOM OF THE 3RD |
Columbia Fireflies batting - Pitching for Colorado (EL) Rockies : RHP Sipi Kilpinen
|
Batting: RHB Masaya Nakamura
|
0-0: Ball 1-0: Foul Ball, location: 2F 1-1: Foul Ball, location: 2F 1-2: Foul Ball, location: 2F 1-2: Ball 2-2: Ground out 6-3 (Groundball, 6, EV 95.0 MPH)
|
Batting: SHB Jason Evans
|
0-0: Called Strike 0-1: Foul Ball, location: 2F 0-2: Ball 1-2: Ball 2-2: SINGLE (Line Drive, 7S, EV 103.1 MPH)
|
Batting: SHB Justin Wallace
|
0-0: Fly out, F9 (Flyball, 89S, EV 98.1 MPH)
|
Batting: RHB Jeff MacPhee
|
0-0: Ball 1-0: Called Strike 1-1: DOUBLE (Flyball, 78XD, EV 93.1 MPH) Jason Evans to third
|
Batting: RHB Dan Muse
|
0-0: Called Strike 0-1: Swinging Strike 0-2: Foul Ball, location: 2F 0-2: Ball 1-2: Strikes out swinging
|
Bottom of the 3rd over - 0 runs, 2 hits, 0 errors, 2 left on base; Colorado (EL) 1 - Columbia 2 |
TOP OF THE 4TH |
Colorado (EL) Rockies batting - Pitching for Columbia Fireflies : RHP Zhao-ying Joe
|
Batting: LHB Harry Folsom
|
0-0: Ball 1-0: Called Strike 1-1: Foul Ball, location: 2F 1-2: Ball 2-2: Fly out, F8 (Line Drive, 8LM, EV 86.2 MPH)
|
Batting: RHB Salvador Avina
|
0-0: Ball 1-0: Ground out 5-3 (Groundball, 56S, EV 75.0 MPH)
|
Batting: LHB Seung-jun Chang
|
0-0: Ground out 4-3 (Groundball, 4, EV 106.9 MPH)
|
Top of the 4th over - 0 runs, 0 hits, 0 errors, 0 left on base; Colorado (EL) 1 - Columbia 2 |
BOTTOM OF THE 4TH |
Columbia Fireflies batting - Pitching for Colorado (EL) Rockies : RHP Sipi Kilpinen
|
Pitching: RHP Jon Baily
|
|
Batting: RHB David Stayton
|
0-0: Ball 1-0: Called Strike 1-1: Called Strike 1-2: Ball 2-2: Foul Ball, location: 2F 2-2: Ball 3-2: Base on Balls
|
Batting: RHB Nick Rang
|
0-0: Ball 1-0: Ball 2-0: Called Strike 2-1: Foul Ball, location: 2F 2-2: Ball 3-2: Grounds into double play, 6-4-3 (Groundball, 6, EV 92.5 MPH)
|
Batting: LHB Adam Hairston
|
0-0: Ball 1-0: Foul Ball, location: 2F 1-1: Ball 2-1: Swinging Strike 2-2: Foul Ball, location: 2F 2-2: Foul Ball, location: 2F 2-2: Fly out, F9 (Flyball, 9D, EV 88.1 MPH)
|
Bottom of the 4th over - 0 runs, 0 hits, 0 errors, 0 left on base; Colorado (EL) 1 - Columbia 2 |
TOP OF THE 5TH |
Colorado (EL) Rockies batting - Pitching for Columbia Fireflies : RHP Zhao-ying Joe
|
Batting: RHB Chris Rosinsky
|
0-0: Swinging Strike 0-1: Foul Ball, location: 2F 0-2: Ball 1-2: Ball 2-2: Ball 3-2: Ground out 5-3 (Groundball, 56S, EV 94.4 MPH)
|
Batting: RHB Mike McElroy
|
0-0: Ball 1-0: Foul Ball, location: 2F 1-1: Foul Ball, location: 2F 1-2: Strikes out swinging
|
Batting: LHB Tomoya Hashimoto
|
0-0: Ball 1-0: Foul Ball, location: 2F 1-1: Ball 2-1: Ground out 6-3 (Groundball, 6, EV 88.1 MPH)
|
Top of the 5th over - 0 runs, 0 hits, 0 errors, 0 left on base; Colorado (EL) 1 - Columbia 2 |
BOTTOM OF THE 5TH |
Columbia Fireflies batting - Pitching for Colorado (EL) Rockies : RHP Jon Baily
|
Batting: RHB Zhao-ying Joe
|
0-0: Ball 1-0: Called Strike 1-1: Ball 2-1: Called Strike 2-2: Ball 3-2: Strikes out looking
|
Batting: RHB Masaya Nakamura
|
0-0: Called Strike 0-1: Ball 1-1: Foul Ball, location: 2F 1-2: Ball 2-2: Ball 3-2: Ground out 4-3 (Groundball, 4, EV 78.1 MPH)
|
Batting: SHB Jason Evans
|
0-0: Called Strike 0-1: Called Strike 0-2: Ball 1-2: Strikes out swinging
|
Bottom of the 5th over - 0 runs, 0 hits, 0 errors, 0 left on base; Colorado (EL) 1 - Columbia 2 |
TOP OF THE 6TH |
Colorado (EL) Rockies batting - Pitching for Columbia Fireflies : RHP Zhao-ying Joe
|
Batting: LHB Luke Coulter
|
0-0: Fly out, F3 (Line Drive, 3, EV 69.4 MPH)
|
Batting: RHB John Boyer
|
0-0: Called Strike 0-1: Ball 1-1: Ball 2-1: Ground out 6-3 (Groundball, 6, EV 108.1 MPH)
|
Batting: LHB Matt Calitri
|
0-0: Ball 1-0: Ball 2-0: Ball 3-0: Base on Balls
|
Batting: LHB Harry Folsom
|
0-0: Ball 1-0: Called Strike 1-1: Ball 2-1: Ball 3-1: Swinging Strike 3-2: Base on Balls Matt Calitri to second
|
Batting: RHB Salvador Avina
|
0-0: Ground out 4-3 (Groundball, 4, EV 105.0 MPH)
|
Top of the 6th over - 0 runs, 0 hits, 0 errors, 2 left on base; Colorado (EL) 1 - Columbia 2 |
BOTTOM OF THE 6TH |
Columbia Fireflies batting - Pitching for Colorado (EL) Rockies : RHP Jon Baily
|
Batting: SHB Justin Wallace
|
0-0: Ball 1-0: Foul Ball, location: 2F 1-1: Fly out, F6 (Popup, P, EV 85.6 MPH)
|
Batting: RHB Jeff MacPhee
|
0-0: Called Strike 0-1: Ball 1-1: Foul Ball, location: 2F 1-2: SINGLE (Groundball, 6MD, EV 94.4 MPH)
|
Batting: RHB Dan Muse
|
0-0: Ball Jeff MacPhee is caught stealing 2nd base 2-4 1-0: Foul Ball, location: 2F 1-1: Ball 2-1: SOLO HOME RUN (Flyball, 78XD, EV 98.8 MPH), Distance : 395 ft
|
Batting: RHB David Stayton
|
0-0: Ball 1-0: Foul Ball, location: 2F 1-1: Swinging Strike 1-2: Strikes out swinging
|
Bottom of the 6th over - 1 run, 2 hits, 0 errors, 0 left on base; Colorado (EL) 1 - Columbia 3 |
TOP OF THE 7TH |
Colorado (EL) Rockies batting - Pitching for Columbia Fireflies : RHP Zhao-ying Joe
|
Batting: LHB Seung-jun Chang
|
0-0: Called Strike 0-1: Ball 1-1: Reached on error, E4 (Groundball, 4, EV 86.2 MPH)
|
Batting: RHB Chris Rosinsky
|
0-0: Ball 1-0: Ball 2-0: Called Strike 2-1: Foul Ball, location: 2F 2-2: Strikes out swinging
|
Batting: RHB Mike McElroy
|
0-0: Foul Ball, location: 2F 0-1: Ball 1-1: Ball Balk! Seung-jun Chang to second 2-1: SINGLE (Groundball, 6MD, EV 106.9 MPH) Seung-jun Chang to third Runner from 3rd tries for Home, SAFE, throw by CF to home
|
Pitching: RHP Bryan Dorne
|
|
Batting: LHB Tomoya Hashimoto
|
0-0: Foul Ball, location: 2F 0-1: Swinging Strike 0-2: Strikes out swinging
|
Batting: LHB Luke Coulter
|
0-0: Ball Mike McElroy steals 2nd, throwing error, E2 Mike McElroy to third 1-0: Ball 2-0: Foul Ball, location: 2F 2-1: Ball 3-1: SINGLE (Groundball, 6MD, EV 103.1 MPH) Mike McElroy scores
|
Batting: RHB John Boyer
|
0-0: Ball 1-0: Fielders Choice at 2nd, 5-4 (Groundball, 56, EV 77.5 MPH)
|
Top of the 7th over - 2 runs, 2 hits, 2 errors, 1 left on base; Colorado (EL) 3 - Columbia 3 |
BOTTOM OF THE 7TH |
Columbia Fireflies batting - Pitching for Colorado (EL) Rockies : RHP Jon Baily
|
Pitching: RHP Mike Clark
|
|
Batting: RHB Nick Rang
|
0-0: Foul Ball, location: 2F 0-1: Ground out 5-3 (Groundball, 56, EV 89.4 MPH)
|
Batting: LHB Adam Hairston
|
0-0: Called Strike 0-1: Ball 1-1: Foul Ball, location: 2F 1-2: Strikes out swinging
|
Batting: RHB Zhao-ying Joe
|
0-0: Called Strike 0-1: Called Strike 0-2: Foul Ball, location: 2F 0-2: Ball 1-2: Strikes out swinging
|
Bottom of the 7th over - 0 runs, 0 hits, 0 errors, 0 left on base; Colorado (EL) 3 - Columbia 3 |
TOP OF THE 8TH |
Colorado (EL) Rockies batting - Pitching for Columbia Fireflies : RHP Bryan Dorne
|
Batting: LHB Matt Calitri
|
0-0: Ball 1-0: Ground out 4-3 (Groundball, 4, EV 100.0 MPH)
|
Batting: LHB Harry Folsom
|
0-0: Called Strike 0-1: Ball 1-1: Ball 2-1: DOUBLE (Groundball, 5L, EV 103.1 MPH)
|
Pinch Hitting: SHB Jeff Sorrels
|
0-0: Intentional Walk
|
Batting: LHB Seung-jun Chang
|
0-0: Called Strike 0-1: Ball 1-1: Ball 2-1: Ball 3-1: Ball Harry Folsom to third Jeff Sorrels to second
|
Batting: RHB Chris Rosinsky
|
0-0: Ball 1-0: Foul Ball, location: 2F 1-1: Foul Ball, location: 2F 1-2: Foul Ball, location: 2F 1-2: Strikes out swinging
|
Batting: RHB Mike McElroy
|
0-0: Ground out 5-3 (Groundball, 56S, EV 85.0 MPH)
|
Top of the 8th over - 0 runs, 1 hit, 0 errors, 3 left on base; Colorado (EL) 3 - Columbia 3 |
BOTTOM OF THE 8TH |
Columbia Fireflies batting - Pitching for Colorado (EL) Rockies : RHP Mike Clark
|
Now at 3B: Zach Sommer
|
|
Batting: RHB Masaya Nakamura
|
0-0: Called Strike 0-1: Ball 1-1: Ground out 4-3 (Groundball, 4, EV 86.9 MPH)
|
Batting: SHB Jason Evans
|
0-0: Fly out, F7 (Flyball, 78M, EV 86.9 MPH)
|
Batting: SHB Justin Wallace
|
0-0: Ground out 4-3 (Groundball, 4, EV 110.6 MPH)
|
Bottom of the 8th over - 0 runs, 0 hits, 0 errors, 0 left on base; Colorado (EL) 3 - Columbia 3 |
TOP OF THE 9TH |
Colorado (EL) Rockies batting - Pitching for Columbia Fireflies : RHP Bryan Dorne
|
Batting: LHB Tomoya Hashimoto
|
0-0: Called Strike 0-1: Called Strike 0-2: Strikes out looking
|
Batting: LHB Luke Coulter
|
0-0: Called Strike 0-1: Foul Ball, location: 2F 0-2: Strikes out looking
|
Batting: RHB John Boyer
|
0-0: Ball 1-0: Foul Ball, location: 2F 1-1: Ball 2-1: SINGLE (Groundball, 56D, EV 106.2 MPH)
|
Batting: LHB Matt Calitri
|
0-0: Called Strike 0-1: Ball 1-1: Ball 2-1: Called Strike 2-2: Strikes out looking
|
Top of the 9th over - 0 runs, 1 hit, 0 errors, 1 left on base; Colorado (EL) 3 - Columbia 3 |
BOTTOM OF THE 9TH |
Columbia Fireflies batting - Pitching for Colorado (EL) Rockies : RHP Mike Clark
|
Batting: RHB Jeff MacPhee
|
0-0: Ball 1-0: Ball 2-0: Single, Error in OF, E8, batter to second base (Groundball, 6MD, EV 95.6 MPH)
|
Batting: RHB Dan Muse
|
0-0: SINGLE (Groundball, 6M, EV 106.9 MPH) (infield hit) Jeff MacPhee to third
|
Batting: RHB David Stayton
|
0-0: Ball Dan Muse steals 2nd base (no throw) 1-0: Ball 2-0: Fielders Choice at home, 4-2 (Groundball, 4, EV 88.8 MPH) Dan Muse to third
|
Pinch Hitting: LHB Jamel Alexander
|
0-0: Ball 1-0: Ball 2-0: Bunted foul 2-1: Foul Ball, location: 2F 2-2: Strikes out looking
|
Batting: LHB Adam Hairston
|
0-0: Called Strike David Stayton steals 2nd base (no throw) 0-1: Ground out 5-3 (Groundball, 56, EV 100.6 MPH)
|
Bottom of the 9th over - 0 runs, 2 hits, 1 error, 2 left on base; Colorado (EL) 3 - Columbia 3 |
TOP OF THE 10TH |
Colorado (EL) Rockies batting - Pitching for Columbia Fireflies : RHP Bryan Dorne
|
Pitching: RHP Thomas Clark
|
|
Now at 2B: Adam Hairston
|
|
Now at 3B: Dan Muse
|
|
Now at SS: Jason Evans
|
|
Now in CF: Jamel Alexander
|
|
Batting: LHB Harry Folsom
|
0-0: Ball 1-0: Foul Ball, location: 2F 1-1: Called Strike 1-2: Ground out 4-3 (Groundball, 4, EV 104.4 MPH)
|
Batting: RHB Zach Sommer
|
0-0: Foul Ball, location: 2F 0-1: Ground out 6-3 (Groundball, 6, EV 101.2 MPH)
|
Batting: LHB Seung-jun Chang
|
0-0: Called Strike 0-1: Foul Ball, location: 2F 0-2: Ball 1-2: Ground out 5-3 (Groundball, 5, EV 106.2 MPH)
|
Top of the 10th over - 0 runs, 0 hits, 0 errors, 0 left on base; Colorado (EL) 3 - Columbia 3 |
BOTTOM OF THE 10TH |
Columbia Fireflies batting - Pitching for Colorado (EL) Rockies : RHP Mike Clark
|
Batting: RHB Zhao-ying Joe
|
0-0: Called Strike 0-1: Called Strike 0-2: Ball 1-2: Ball 2-2: Strikes out swinging
|
Batting: RHB Masaya Nakamura
|
0-0: Ball 1-0: Ball 2-0: Called Strike 2-1: Called Strike 2-2: Ground out 3-1 (Groundball, 34, EV 103.1 MPH)
|
Batting: SHB Jason Evans
|
0-0: Ball 1-0: Called Strike 1-1: Ground out 3-1 (Groundball, 34, EV 101.9 MPH)
|
Bottom of the 10th over - 0 runs, 0 hits, 0 errors, 0 left on base; Colorado (EL) 3 - Columbia 3 |
TOP OF THE 11TH |
Colorado (EL) Rockies batting - Pitching for Columbia Fireflies : RHP Thomas Clark
|
Pinch Hitting: LHB Ho-win Zhou
|
0-0: Swinging Strike 0-1: Hit by Pitch
|
Batting: RHB Mike McElroy
|
0-0: Called Strike 0-1: Foul Ball, location: 2F 0-2: SINGLE (Groundball, 56D, EV 106.9 MPH) Ho-win Zhou to second
|
Batting: LHB Tomoya Hashimoto
|
0-0: Ball 1-0: SINGLE (Groundball, 6MD, EV 107.5 MPH) Ho-win Zhou to third Mike McElroy to second
|
Batting: LHB Luke Coulter
|
0-0: Ball 1-0: Ball 2-0: Called Strike 2-1: Grounds into fielders choice 5-2 (Groundball, 5, EV 80.0 MPH) Mike McElroy to third Tomoya Hashimoto to second
|
Batting: RHB John Boyer
|
0-0: Swinging Strike 0-1: Called Strike 0-2: Ball 1-2: Foul Ball, location: 2F 1-2: DOUBLE (Flyball, 8RXD, EV 103.1 MPH) Mike McElroy scores Tomoya Hashimoto scores Luke Coulter to third
|
Batting: LHB Matt Calitri
|
0-0: Ball 1-0: Called Strike 1-1: Ball 2-1: Foul Ball, location: 2F 2-2: Ball 3-2: Strikes out swinging
|
Batting: LHB Harry Folsom
|
0-0: Intentional Walk
|
Batting: RHB Zach Sommer
|
0-0: Called Strike 0-1: Ball 1-1: Ball 2-1: Ball 3-1: Foul Ball, location: 2F 3-2: Ground out 5-3 (Groundball, 5, EV 91.9 MPH)
|
Top of the 11th over - 2 runs, 3 hits, 0 errors, 3 left on base; Colorado (EL) 5 - Columbia 3 |
BOTTOM OF THE 11TH |
Columbia Fireflies batting - Pitching for Colorado (EL) Rockies : RHP Mike Clark
|
Pitching: RHP Jim Butler
|
|
Now at C: Miguel Cardona
|
|
Batting: SHB Justin Wallace
|
0-0: Called Strike 0-1: Foul Ball, location: 2F 0-2: Ball 1-2: Ball 2-2: Strikes out swinging
|
Batting: RHB Jeff MacPhee
|
0-0: Swinging Strike 0-1: Swinging Strike 0-2: Foul Ball, location: 2F 0-2: Ball 1-2: Strikes out swinging
|
Batting: RHB Dan Muse
|
0-0: Called Strike 0-1: Ball 1-1: Ball 2-1: Foul Ball, location: 2F 2-2: SINGLE (Line Drive, 9LS, EV 98.8 MPH)
|
Batting: RHB David Stayton
|
0-0: Foul Ball, location: 2F 0-1: SINGLE (Groundball, 34D, EV 97.5 MPH) Dan Muse to second
|
Batting: LHB Jamel Alexander
|
0-0: Ball 1-0: SINGLE (Groundball, 6, EV 97.5 MPH) Dan Muse to third David Stayton to second
|
Batting: LHB Adam Hairston
|
0-0: Called Strike 0-1: Ball 1-1: Ball 2-1: SINGLE (Groundball, 5L, EV 86.9 MPH) (infield hit) Dan Muse scores David Stayton to third Jamel Alexander to second
|
Batting: RHB Zhao-ying Joe
|
0-0: Ball 1-0: Called Strike 1-1: Ball 2-1: Ball 3-1: Base on Balls David Stayton scores Jamel Alexander to third Adam Hairston to second
|
Batting: RHB Masaya Nakamura
|
0-0: Foul Ball, location: 2F 0-1: Called Strike 0-2: Strikes out swinging
|
Bottom of the 11th over - 2 runs, 4 hits, 0 errors, 3 left on base; Colorado (EL) 5 - Columbia 5 |
TOP OF THE 12TH |
Colorado (EL) Rockies batting - Pitching for Columbia Fireflies : RHP Thomas Clark
|
Pitching: RHP Marvin Merino
|
|
Batting: LHB Seung-jun Chang
|
0-0: Called Strike 0-1: Ball 1-1: Called Strike 1-2: Ball 2-2: Fly out, F8 (Line Drive, 8LM, EV 107.5 MPH)
|
Batting: RHB Miguel Cardona
|
0-0: Ball 1-0: Fly out, F3 (Popup, 34, EV 80.6 MPH)
|
Batting: RHB Mike McElroy
|
0-0: Called Strike 0-1: Ball 1-1: Called Strike 1-2: Strikes out swinging
|
Top of the 12th over - 0 runs, 0 hits, 0 errors, 0 left on base; Colorado (EL) 5 - Columbia 5 |
BOTTOM OF THE 12TH |
Columbia Fireflies batting - Pitching for Colorado (EL) Rockies : RHP Jim Butler
|
Pitching: RHP Manny Campos
|
|
Batting: SHB Jason Evans
|
0-0: SOLO HOME RUN (Line Drive, 9LD, EV 91.9 MPH), Distance : 340 ft
|
Bottom of the 12th over - 1 run, 1 hit, 0 errors, 0 left on base; Colorado (EL) 5 - Columbia 6 |
|